 Dungeon Crawl Stone Soup version 0.29.1-1-gd02db6906a (webtiles) character file.

Game seed: 10563272732281601031

53 concernfroge the Trooper (level 3, 0/31 HPs)
             Began as a Mummy Monk on Sept 18, 2022.
             Slain by Terence
             ... wielding a +0 flail
              (9 damage)
             ... on level 2 of the Dungeon.
             The game lasted 00:03:22 (1973 turns).

concernfroge the Trooper (Mummy Monk)               Turns: 1973, Time: 00:03:22

Health: 0/31       AC:  5    Str: 16    XL:     3   Next: 62%
Magic:  3/3        EV: 15    Int:  9    God:
Gold:   202        SH:  0    Dex: 14    Spells: 2/2 levels left

rFire   x . .      SeeInvis .   a - +0 spear
rCold   + . .      Faith    .   (no shield)
rNeg    + + +      Spirit   .   f - +0 ring mail
rPois   ∞          Reflect  .   (no helmet)
rElec   .          Harm     .   (no cloak)
rCorr   .          Rampage  .   (no gloves)
Will    .....                   (no boots)
Stlth   +.........              (no amulet)
HPRegen 0.10/turn               d - +4 ring of evasion
MPRegen 0.08/turn               (no ring)

@: no status effects
A: cold resistance 1, negative energy resistance 3, torment resistance 2, heat
vulnerability 1, in touch with death 1, no potions
a: no special abilities


You were on level 2 of the Dungeon.
You visited 1 branch of the dungeon, and saw 3 of its levels.

You collected 202 gold pieces.

Inventory:

Hand Weapons
 a - a +0 spear (weapon)
Armour
 b - a +0 robe
 f - a +0 ring mail (worn)
Jewellery
 d - a +4 ring of evasion (left hand)
Scrolls
 e - a scroll of amnesia
 g - a scroll of magic mapping
 h - a scroll of enchant armour


   Skills:
 + Level 4.7 Fighting
 - Level 2.4 Polearms
 - Level 2.4 Dodging
 - Level 1.5 Stealth


You had 2 spell levels left.
You didn't know any spells.
Your spell library contained the following spells:

 Spells                   Type           Power      Damage    Failure   Level
 Blink                    Tloc           0%         N/A       75%         2
 Lesser Beckoning         Tloc           0%         N/A       93%         3
 Manifold Assault         Tloc           0%         N/A       100%        5


Dungeon Overview and Level Annotations

Branches:
Dungeon (3/15)

Altars:
Okawaru

Shops:
D:3 [

Annotations:
D:2 Terence
D:3 Ijyb


Innate Abilities, Weirdness & Mutations

You are immune to poison.
Your flesh is cold resistant. (rC+)
You are immune to negative energy. (rN+++)
You are immune to unholy pain and torment.
You are vulnerable to heat. (rF-)
You are in touch with the powers of death.
You do not drink.


Message History

Ijyb the Twisted Goblin comes into view.
She is wielding a +2 dagger of venom and carrying a wand of acid (7).
Ijyb shouts!
Ijyb screams, "Me kill you!"
Ijyb is nearby!
You reach to attack!
You hit Ijyb but do no damage.
Ijyb zaps a wand.
The bolt of acid misses you.
Okay, then.
Ijyb hits you but does no damage.
Ijyb zaps a wand.
The bolt of acid misses you.
There is a stone staircase leading up here.
You climb upwards.
Level annotation: Terence
There is a stone staircase leading down here.
Found a flail.
Found a book of Spatial Translocations.
You pick up a book of Spatial Translocations and begin reading...
You add the spells Blink, Lesser Beckoning and Manifold Assault to your library.
You see here a +0 flail.
You see here a +0 flail.
Terence shouts!
Terence is nearby!
There is a stone staircase leading up here.
There is a stone staircase leading down here.
You climb downwards.
Level annotation: Ijyb
There is a stone staircase leading up here.
Ijyb zaps a wand.
The bolt of acid hits you!!
Ouch! That really hurt!
There is a stone staircase leading up here.
You climb upwards.
Level annotation: Terence Terence hits you with a +0 flail.
Terence bares his teeth.
Terence hits you with a +0 flail.
* * * LOW HITPOINT WARNING * * *
There is a stone staircase leading down here.
Okay, then.
You hit Terence but do no damage. Terence hits you but does no damage.
You barely miss Terence. Terence hits you with a +0 flail!
You die...

...........#.....# #.#.#
####.#####.#.##..# #.#.#
.......##........# #.#.#
.....#.##..#.#...####.#.#
.....#.##...........#.#.#
).##.#.#..........#.#.#.#
#.##.#.#......<...# #.#.#
#.##.#.#).@....#@.# #.#.#
#.##.#.##......#@.# #.#.#
.....#...#######..#.#.#.#
#.######..........#.#.#.#
#........######...#.#.#.#
#######.......#...#.#.#.#
.(.>..#@..........#.#.#.#
#####.#.#####.....#.#.#.#
####.#.########.##.#.#.#
##......#...........#.#.#


You could see Terence.

Vanquished Creatures
  An adder (D:2)
  A worm (D:2)
  A dart slug (D:1)
  4 orcs (D:3)
  2 ball pythons (D:1)
  4 bats (D:1)
  3 endoplasms
  4 giant cockroaches
  A goblin (D:1)
  5 hobgoblins
  A quokka (D:1)
  A frilled lizard (D:3)
  4 rats (D:1)
32 creatures vanquished.

Notes
Turn   | Place    | Note
-------+----------+-------------------------------------------
     0 | D:1      | concernfroge the Mummy Monk began the quest for the Orb.
     0 | D:1      | Reached XP level 1. HP: 18/18 MP: 1/1
   484 | D:1      | Reached XP level 2. HP: 18/24 MP: 2/2
   680 | D:1      | Found a faded altar of an unknown god.
   897 | D:1      | Reached skill level 4 in Fighting
  1263 | D:2      | Gained mutation: You are in touch with the powers of death.
                  | [Mummy growth]
  1263 | D:2      | Reached XP level 3. HP: 22/30 MP: 3/3
  1556 | D:2      | Noticed Terence
  1712 | D:3      | Found an iron altar of Okawaru.
  1833 | D:3      | Found Angoudirph's Armour Emporium.
  1897 | D:3      | Noticed Ijyb
  1973 | D:2      | Slain by Terence

Illustrated notes

Levels and vault maps discovered:
D:1:      scummos_arrival_simple_crosswalls, layout_loops_corners,
          hellmonk_ecumenical_altar_pennies_from_heaven
D:2:      cheibrodos_greedy_goblins, layout_basic, uniq_terence, uniq_robin
D:3:      layout_loops_ring, okawaru_trees_2, serial_shops, shop_coins,
          kennysheep_generic_room_13, uniq_natasha, uniq_crazy_yiuf_cottage,
          uniq_ijyb

Skill      XL: |  1  2 |
---------------+-------+-----
Fighting       | 4 |  4.7
Polearms       | |  2.4
Dodging        | |  2.4
Stealth        | |  1.5

Action                   || total
-------------------------++-------
Melee: Spear             ||   144
       Punch             ||     2
  Use: Scroll            ||     5
 Stab: Sleeping          ||     2
Armor: Robe              ||    11
       Ring mail         ||    11
Dodge: Dodged            ||    64
